 Dungeon Crawl Stone Soup version 0.27-a0-40-g5f2be0e231 (webtiles) character file.

Game seed: 10080680221838239078

124 Essalna the Stinger (level 4, -4/30 HPs)
             Began as a Demonspawn Venom Mage on Jan 5, 2021.
             Slain by a hobgoblin
             ... wielding a +0 club
             ... led by Robin
              (5 damage)
             ... on level 4 of the Dungeon.
             The game lasted 00:06:58 (3495 turns).

Essalna the Stinger (Demonspawn Venom Mage)         Turns: 3495, Time: 00:06:59

Health: -4/30      AC:  7    Str:  9    XL:     4   Next: 81%
Magic:  4/8        EV: 13    Int: 17    God:
Gold:   101        SH:  0    Dex: 13    Spells: 8/9 levels left

rFire    . . .     SeeInvis .   r - +0 trident
rCold    . . .     Faith    .   (no shield)
rNeg     . . .     Spirit   .   a - +0 robe
rPois    +         Reflect  .   u - +0 helmet
rElec    .         Harm     .   (no cloak)
rCorr    .         Rampage  .   (no gloves)
Will     .....                  (no boots)
Stlth    ++........             (no amulet)
HPRegen  0.10/turn              s - +4 ring of protection
MPRegen  0.11/turn              k - ring of poison resistance

@: no status effects
A: talons 2
a: no special abilities


You were on level 4 of the Dungeon.
You visited 1 branch of the dungeon, and saw 4 of its levels.

You collected 101 gold pieces.

Inventory:

Hand Weapons
 b - a +0 short sword
 r - a +0 trident (weapon)
Armour
 a - a +0 robe (worn)
 u - a +0 helmet (worn)
Jewellery
 k - a ring of poison resistance (right hand)
 o - a +6 ring of strength
 s - a +4 ring of protection (left hand)
 t - an uncursed ring of positive energy
Scrolls
 e - a scroll of magic mapping {unknown}
 f - a scroll of blinking {unknown}
 g - 2 scrolls of enchant armour {unknown}
 j - a scroll of noise {unknown}
 l - 4 scrolls of identify {unknown}
 m - 2 scrolls of teleportation {unknown}
 q - a scroll of fear {unknown}
Potions
 c - a potion of attraction {unknown}
 h - 5 potions of curing {unknown}
 i - 2 potions of might {unknown}
 n - a potion of cancellation {unknown}
 p - a potion of degeneration {unknown}
 v - a potion of lignification {unknown}


   Skills:
 + Level 2.9 Dodging
 - Level 2.0 Stealth
 + Level 3.0 Spellcasting
 - Level 1.0 Transmutations
 + Level 4.0 Poison Magic


You had 8 spell levels left.
You knew the following spells:

 Your Spells              Type           Power        Failure   Level
a - Sting                 Tmut/Pois      44%          6%          1

Your spell library contained the following spells:

 Spells                   Type           Power        Failure   Level
 Poisonous Vapours        Pois/Air       18%          12%         2
 Ignite Poison            Fire/Tmut/Pois 8%           26%         3
 Mephitic Cloud           Conj/Pois/Air  7%           30%         3
 Olgreb's Toxic Radiance  Pois           16%          32%         4


Dungeon Overview and Level Annotations

Branches:
Dungeon (4/15)
 Temple: D:4-7

Altars:
Fedhas
Okawaru
Qazlal
Trog
Yredelemnul
Zin

Annotations:
D:4 Robin


Innate Abilities, Weirdness & Mutations

You have razor-sharp toenails.


Message History

The goblin closely misses you. The goblin hits you but does no damage.
The goblin closely misses you. The goblin completely misses you.
The goblin misses you. Robin throws the goblin at you!
The goblin closely misses you. The goblin barely misses you.
The goblin completely misses you. The hobgoblin barely misses you.
The goblin hits you with a +0 club. x2
The goblin hits you but does no damage. x2; The hobgoblin misses you.
The goblin hits you with a +0 club. The goblin hits you but does no damage.
The goblin hits you with a +0 dagger. The goblin barely misses you.
The hobgoblin barely misses you. The goblin closely misses you.
The hobgoblin closely misses you. The goblin hits you with a +0 club.
* * * LOW HITPOINT WARNING * * *
The goblin hits you with a +0 club.
* * * LOW HITPOINT WARNING * * *
The goblin hits you with a +0 dagger.
* * * LOW HITPOINT WARNING * * *
The goblin closely misses you. The hobgoblin misses you.
The goblin closely misses you. The hobgoblin hits you with a +0 club.
You die...

#.#.#.. . .. #.#.#.
.. # ##.#####.#..#
.... #. ........#..
...$. ...
....#....##.....
...##..##...#......
. ....gg###.<.......
....##ggg##.........
#....gg@g....#......
.....ggg#)..###.$...
#......##....# ..###
...##.. #.†........
.. #..# #.##...##...
. ##. ... ........
.. ##.. ....## #..
... ###... .. ###


You could see Robin, 4 hobgoblins and 6 goblins.

Vanquished Creatures
  A worker ant (D:4)
  3 adders
  2 worms (D:3)
  2 dart slugs (D:1)
  4 leopard geckos
  4 giant cockroaches
  10 goblins
  6 hobgoblins
  2 quokkas
  3 ball pythons
  8 bats
  4 frilled lizards
  6 kobolds
  9 rats
64 creatures vanquished.

Notes
Turn   | Place    | Note
-------+----------+-------------------------------------------
     0 | D:1      | Essalna the Demonspawn Venom Mage began the quest for the
                  | Orb.
     0 | D:1      | Reached XP level 1. HP: 13/13 MP: 3/3
   112 | D:1      | Reached skill level 1 in Transmutations
   403 | D:1      | Gained mutation: You have sharp toenails. [demonic
                  | ancestry]
   403 | D:1      | Reached XP level 2. HP: 19/19 MP: 1/5
  1247 | D:1      | Reached XP level 3. HP: 23/24 MP: 3/6
  2483 | D:3      | Found a stormy altar of Qazlal.
  2629 | D:3      | Gained mutation: You have razor-sharp toenails. [demonic
                  | ancestry]
  2629 | D:3      | Reached XP level 4. HP: 15/30 MP: 3/8
  2900 | D:3      | Found a blossoming altar of Fedhas.
  3241 | D:3      | Found a basalt altar of Yredelemnul.
  3241 | D:3      | Found a glowing silver altar of Zin.
  3242 | D:3      | Found a bloodstained altar of Trog.
  3312 | D:3      | Found an iron altar of Okawaru.
  3482 | D:4      | Reached skill level 4 in Poison Magic
  3487 | D:4      | Noticed Robin
  3495 | D:4      | HP: 1/30 [goblin/+0 dagger[Robin] (6)]
  3495 | D:4      | Slain by a hobgoblin

Illustrated notes

Levels and vault maps discovered:
D:1:      dpeg_chamrin_arrival_tetris, layout_basic
D:2:      layout_rooms, hangedman_decor_clover_reticule, due_unseen_surprise
D:3:      layout_loops_ring, lemuel_round_altar, gammafunk_temple_overflow_claw,
          lemuel_coloured_pillars_altar, nicolae_qazlal_general_emergency
D:4:      layout_cave_pools, kennysheep_mini, serial_shops, shop,
          kennysheep_little_box, shop, nicolae_shop_crystal, chequers_jeans,
          kennysheep_generic_room_15, uniq_eustachio, uniq_robin, uniq_ijyb

Skill      XL: |  1  2  3  4 |
---------------+-------------+-----
Transmutations | 1 |  1.0
Stealth        | 2 |  2.0
Dodging        | 2 |  2.9
Spellcasting   | 3 |  3.0
Poison Magic   | 4 |  4.0

Action                   |  1- 3 |  4- 6 || total
-------------------------+-------+-------++-------
Melee: Short sword       |    60 |       ||    60
       Unarmed           |     1 |       ||     1
       Kick              |    11 |     5 ||    16
       Trident           |     4 |    32 ||    36
 Cast: Sting             |    69 |     7 ||    76
  Use: Scroll            |     1 |     1 ||     2
 Stab: Sleeping          |     2 |     5 ||     7
Armor: Robe              |    15 |    13 ||    28
Dodge: Dodged            |    65 |    40 ||   105

Table legend: (Time is in decaauts)
 A = Elapsed time spent in this place.
 B = Non-inter-level travel time spent in this place.
 C = Inter-level travel time spent in this place.
 D = Time resting spent in this place.
 E = Time spent auto-exploring this place.
 F = Levels seen in this place.
 G = Mean time per level.
                   A        B        C        D        E       F      G
               +--------+--------+--------+--------+--------+-----+--------+
         Total |   3505 |   3457 |     48 |     42 |   2983 |   4 |  876.2 |
       Dungeon |   3505 |   3457 |     48 |     42 |   2983 |   4 |  876.2 |
               +--------+--------+--------+--------+--------+-----+--------+

Top non-repeatable levels by time:
     D:1: 1357 daAuts
     D:3: 1101 daAuts
     D:2: 1022 daAuts
     D:4: 23 daAuts
